 Dungeon Crawl Stone Soup version 0.31-a0-988-g08d55da (webtiles) character file.

Game seed: 17556725596356103684

501 Blackhawk the Trooper (level 6, -2/49 HPs)
             Began as a Demonspawn Berserker on Nov 5, 2023.
             Was a Believer of Trog.
             Splashed by a jelly's acid (8 damage)
             ... on level 4 of the Dungeon.
             The game lasted 00:05:42 (2628 turns).

Blackhawk the Trooper (Demonspawn Berserker)        Turns: 2628, Time: 00:05:43

Health: -2/49      AC:  2    Str: 20    XL:     6   Next: 95%
Magic:  6/6        EV: 12    Int:  8    God:    Trog [**....]
Gold:   186        SH:  0    Dex: 12    Spells: 5/5 levels left

rFire   . . .        a - +0 hand axe
rCold   . . .        (no shield)
rNeg    . . .        o - +0 ring mail
rPois   .            h - +0 helmet
rElec   .            i - scarf {+Inv}
rCorr   .            (no gloves)
SInv    .            (no boots)
Will    .....        (no amulet)
Stlth   +            (no ring)
HPRegen 0.28/turn    (no ring)
MPRegen 0.20/turn

%: no passive effects
@: corroded, on berserk cooldown, slowed, very slow
A: claws 2, demonic guardian 1, magic regeneration
a: Renounce Religion, Evoke Invisibility, Berserk, Trog's Hand


You were on level 4 of the Dungeon.
You worshipped Trog.
Trog was pleased with you.
You visited 1 branch of the dungeon, and saw 5 of its levels.

You collected 186 gold pieces.

Inventory:

Hand Weapons
 a - a +0 hand axe (weapon)
Armour
 b - a +0 animal skin
 h - a +0 helmet (worn)
 i - a scarf of invisibility (worn)
 o - a +0 ring mail (worn)
Jewellery
 j - an amulet of faith
 r - an amulet of magic regeneration
 s - a ring of ice
Scrolls
 c - 2 scrolls of poison {unknown}
 f - 2 scrolls of amnesia {unknown}
 k - 2 scrolls of enchant armour {unknown}
 l - 2 scrolls of identify {unknown}
 m - 2 scrolls of teleportation {unknown}
Potions
 d - 4 potions of degeneration {unknown}
 e - a potion of might {unknown}
 g - 3 potions of curing {unknown}
 n - a potion of brilliance {unknown}
 p - a potion of lignification {unknown}
 q - 2 potions of heal wounds {unknown}


   Skills:
 + Level 4.7 Fighting
 + Level 4.2 Axes
 + Level 3.6 Armour
 + Level 3.7 Dodging


You had 5 spell levels left.
You didn't know any spells.
Your spell library was empty.

Dungeon Overview and Level Annotations

Branches:
Dungeon (5/15)
 Temple: D:4-7

Altars:
Makhleb
Vehumet

Annotations:
D:5 Menkaure


Innate Abilities, Weirdness & Mutations

You have very sharp fingernails.
A weak demonic guardian rushes to your aid.
You regenerate magic rapidly.


Message History

The water moccasin is almost dead.
Your ufetubus closely misses the water moccasin.
Your ufetubus misses the water moccasin.
The water moccasin barely misses you.
Your ufetubus closely misses the water moccasin.
Your ufetubus hits the water moccasin. The water moccasin bites your ufetubus.
You hit the water moccasin.
You kill the water moccasin!
Trog accepts your kill.
Unknown command.
The jelly barely misses your ufetubus.
Your quasit bites the jelly.
The acid corrodes your quasit!
Your quasit is burned by acid!
Your quasit claws the jelly.
Your quasit is burned by acid!
Your quasit claws the jelly.
Your quasit is burned by acid!
Your quasit bites the jelly.
Your quasit is burned by acid!
Your quasit barely misses the jelly.
Your quasit claws the jelly.
Your quasit is burned by acid!
The jelly misses your quasit.
Your quasit bites the jelly.
Your quasit is burned by acid!
Your quasit dies!
Your quasit disappears in a puff of smoke!
The jelly closely misses you.
You hit the jelly. The acid corrodes you!
Your claws burn!
* * * LOW HITPOINT WARNING * * *
A demonic guardian appears!
The jelly is severely wounded.
The jelly jiggles.
The jelly closely misses you.
You hit the jelly but do no damage.
Your claws burn!
* * * LOW HITPOINT WARNING * * *
The jelly is severely wounded.
The jelly closely misses you. The jelly hits you.
* * * LOW HITPOINT WARNING * * *
You are splashed with acid!
You die...

######.....###......
####.....#)..........
....>......###....#.#
..######.#)).#....# .
.#######.#...#....#
#................####
#.......#.#.........#
#.......#.#.####.##.#
#########.#...J@5.#.#
..#...#####.#
#.#.#.ยง5....#
###.####J#####.#
...............
####.####.....#.#
#...............?
.##........###.#
#.[...#...# #


You could see a jelly (ally target) and a friendly quasit (summoned).

Vanquished Creatures
  A water moccasin (D:4)
  An ogre (D:4)
  A scorpion (D:4)
  Jessica (D:2)
  Terence (D:2)
  An orc wizard (D:4)
  Robin (D:2)
  5 gnolls
  3 adders
  A worm (D:2)
  2 dart slugs
  An orc (D:4)
  4 bats
  4 endoplasms
  11 giant cockroaches
  5 hobgoblins
  2 jackals (D:1)
  4 kobolds
  A quokka (D:1)
  7 ball pythons
  3 frilled lizards
  12 goblins
  4 rats (D:2)
76 creatures vanquished.

Vanquished Creatures (collateral kills)
  A worm (D:3)
  3 orcs
  A giant cockroach (D:2)
  A kobold (D:3)
6 creatures vanquished.

Grand Total: 82 creatures vanquished

Notes
Turn   | Place    | Note
-------+----------+-------------------------------------------
     0 | D:1      | Blackhawk the Demonspawn Berserker began the quest for the
                  | Orb.
     0 | D:1      | Reached XP level 1. HP: 18/18 MP: 1/1
   254 | D:1      | Gained mutation: A weak demonic guardian rushes to your
                  | aid. [demonic ancestry]
   254 | D:1      | Reached XP level 2. HP: 18/24 MP: 2/2
   871 | D:2      | Identified the "Misiger"
   882 | D:2      | Found a radiant altar of Vehumet.
   908 | D:2      | Reached XP level 3. HP: 29/29 MP: 3/3
  1109 | D:2      | Found a faded altar of an unknown god.
  1115 | D:2      | Noticed Terence
  1123 | D:2      | Killed Terence
  1124 | D:2      | Discovered your monstrous ancestry.
  1124 | D:2      | Gained mutation: You have sharp fingernails. [demonic
                  | ancestry]
  1124 | D:2      | Reached XP level 4. HP: 29/37 MP: 4/4
  1243 | D:2      | Noticed Robin
  1248 | D:2      | Reached ** piety under Trog
  1258 | D:2      | Killed Robin
  1460 | D:2      | Noticed Jessica
  1463 | D:2      | Killed Jessica
  1464 | D:2      | Gained mutation: You have very sharp fingernails. [demonic
                  | ancestry]
  1464 | D:2      | Reached XP level 5. HP: 41/42 MP: 5/5
  2137 | D:3      | Found a burning altar of Makhleb.
  2447 | D:3      | You fall into a shaft and drop 2 floors!
  2447 | D:5      | Entered Level 5 of the Dungeon
  2449 | D:5      | Noticed Menkaure
  2483 | D:4      | Gained mutation: You regenerate magic rapidly. [demonic
                  | ancestry]
  2483 | D:4      | Reached XP level 6. HP: 48/48 MP: 6/6
  2608 | D:4      | Noticed a water moccasin
  2621 | D:4      | Killed a water moccasin
  2628 | D:4      | Splashed by a jelly's acid

Illustrated notes

Levels and vault maps discovered:
D:1:      dpeg_arrival_refuge, layout_basic, nrook_uturn
D:2:      minmay_roachtagon, layout_rooms, basic_altar,
          hellmonk_ecumenical_altar_crossroads, roderic_lattice_a,
          kennysheep_nub, uniq_jessica, uniq_robin, uniq_terence
D:3:      layout_basic, lightli_temple_of_fire, grunt_ministairs_15,
          nicolae_figureground_sparkle
D:4:      layout_basic, gammafunk_temple_overflow_claw, minmay_temple_entry_tees
D:5:      layout_basic, serial_shops, nicolae_shop_behind_doors,
          nicolae_inconvenience_store, nicolae_shop_peninsula,
          nicolae_book_shop_shelving, uniq_menkaure

Skill      XL: |  1  2  3  4  5  6 |
---------------+-------------------+-----
Dodging        | 2 3 |  3.7
Armour         | 2 3 |  3.6
Axes           | 3 4 |  4.2
Fighting       | 4 |  4.7

Action                     |  1- 3 |  4- 6 || total
---------------------------+-------+-------++-------
  Melee: Hand axe          |    98 |   126 ||   224
         Punch             |       |     2 ||     2
 Invoke: Berserk           |     2 |     5 ||     7
   Stab: Sleeping          |     1 |       ||     1
 Armour: Animal skin       |    61 |    16 ||    77
         Ring mail         |       |    93 ||    93
  Dodge: Dodged            |    81 |    92 ||   173

Table legend: (Time is in decaauts)
 A = Elapsed time spent in this place.
 B = Non-inter-level travel time spent in this place.
 C = Inter-level travel time spent in this place.
 D = Time resting spent in this place.
 E = Time spent auto-exploring this place.
 F = Levels seen in this place.
 G = Mean time per level.
                   A        B        C        D        E       F      G
               +--------+--------+--------+--------+--------+-----+--------+
         Total |   2723 |   2677 |     46 |    278 |   1852 |   5 |  544.6 |
       Dungeon |   2723 |   2677 |     46 |    278 |   1852 |   5 |  544.6 |
               +--------+--------+--------+--------+--------+-----+--------+

Top non-repeatable levels by time:
     D:2: 952 daAuts
     D:1: 886 daAuts
     D:3: 686 daAuts
     D:4: 190 daAuts
     D:5: 6 daAuts
